 BcadrenCrawl: Boulder Brew version 0.06.7.3-27-gecd59bdcad (webtiles) character file.

Game seed: 13858700828808445250

15 striepan the Firebug (level 2, -5/28 HPs) Deep Elf Fire Elementalist. Began on Jan 18, 2024. Slain by a slime creature (16 damage) ... on level 1 of the Dungeon. The game lasted 00:06:07 (203 turns).

striepan the Firebug (Deep Elf Fire Elementalist)    Turns: 203, Time: 00:06:08

Health: -5/28      AC:  2    Str:  5    XL:     2 ^: 19
Magic:  1/8        EV: 13    Int: 19    God:
Gold:   16         SH:  0    Dex: 15    Spells: 4/7 levels left

rFire    . . .     Slash    x   (no weapon)
rCold    . . .     Pierce   .   (no weapon)
rNeg     . . .     Bludgeon .   a - +0 robe
rCorr    . . .     Vision   .   (no helmet)
rPois    .                      (no cloak)
rElec    .                      (no gloves)
MR       .....                  (no boots)
HPRegen  0.19/turn              (no amulet)
MPRegen  0.18/turn              (no ring)
Stlth    ++........             (no ring)

@: no status effects
A: soft flesh
a: no special abilities


You were on level 1 of the Dungeon.
You were not hungry.

You visited 1 branch of the dungeon, and saw 2 of its levels.

You collected 16 gold pieces.

Inventory:

Armour
 a - a +0 robe (worn)
Scrolls
 b - a scroll of teleportation
 d - a scroll of enchantment
 h - a scroll of fear
Potions
 e - a potion of brilliance
 g - a potion of mutation
Comestibles
 c - a ration
 f - 10 chunks of flesh


   Skills:
 - Level 2.4 Dodging
 - Level 2.4 Stealth
 - Level 3.0 Spellcasting
 + Level 4.2 Fire Magic


You had 4 spell levels left.
You knew the following spells:

 Your Spells              Type           Power        Failure   Level  Hunger
a - Foxfire Fire 18 (25) 2% 1 0-3 b - Searing Ray Fire           18 (50)      4%          2    23-63

Your spell library contained the following spells:

 Spells                   Type           Power        Failure   Level  Hunger
 Conjure Flame Fire 18 (100) 9% 3 63-123 Inner Flame Hex/Fire 10 (100) 19% 3 63-123 Sticky Flame Fire/Pois 10 (100) 54% 4 143-243 Fireball Fire           18 (200)     58%         5    263-423


Dungeon Overview and Level Annotations

Branches:
Dungeon (2/8)

Altars:


Innate Abilities, Weirdness & Mutations

Your soft flesh is weak to deep cuts.
Heavy manmade armour will nullify this weakness. (rSlashing-)


Message History

The searing ray hits the slime creature (3).
The slime creature is lightly wounded. (56/64) HP The slime creature barely misses you.
The searing ray hits the slime creature (6).
The slime creature is moderately wounded. (51/64) HP The slime creature hits you (13)!
The searing ray hits the slime creature (9)!
The slime creature is moderately wounded. (43/64) HP You finish channeling your searing ray.
The slime creature barely misses you.
Casting: Searing Ray (safe; 4% risk of failure)
Confirm with . or Enter, or press ? or * to list all spells.
Aiming: Searing Ray (safe; 4% risk of failure)
Press: ? - help, Shift-Dir - straight line, f/p - slime creature
Aim: a slime creature (95%, 95% to-hit, moderately wounded (44/64), 84% (Melee))
The searing ray hits the slime creature (7)!
The slime creature is heavily wounded. (37/64) HP (Press . to maintain the ray.)
The slime creature hits you (16)!
Ouch! That really hurt!
You die...

####### #.....#
##.....#########
#?..............
#....≈.≈..####################
#....≈>.....J@...............#
#....≈≈≈††###########.######.#
#.......[.## #.# #.#
#..........# #.# #.#
#..........# #.# #..
#..........# #.# ##.
####..[....# #.# ####.
#.$..$..# #.# #.... #.......#
#.# #....


You could see a slime creature.

Vanquished Creatures
  A cinder newt (D:1)
  4 hobgoblins (D:1)
  A kobold (D:1)
  2 rats (D:1)
8 creatures vanquished.

Vanquished Creatures (others)
  20 foxfires (D:1)
20 creatures vanquished.

Grand Total: 28 creatures vanquished

Notes
Turn   | Place    | Note
-------+----------+-------------------------------------------
     0 | D:1      | striepan the Deep Elf Fire Elementalist began the quest for
                  | the Orb.
     0 | D:1      | Reached XP level 1. HP: 21/21 MP: 6/6
     3 | D:1      | Learned a level 2 spell: Searing Ray
    93 | D:1      | Reached skill level 4 in Fire Magic
    93 | D:1      | Reached XP level 2. HP: 14/28 MP: 0/8
   189 | D:2      | Noticed a big kobold
   189 | D:2      | Noticed a slime creature
   203 | D:1      | Slain by a slime creature

Illustrated notes

Levels and vault maps discovered:
D:1:      lightli_arrival_chessboard, layout_basic
D:2:      minmay_chambers_of_fours, layout_sewer, sewer_co_scattered_pipes,
          first_ration, chequers_ecumenical_altar_simple_redux

Skill      XL: |  1 |
---------------+----+-----
Fire Magic     | 4 |  4.2
Dodging        | |  2.4
Stealth        | |  2.4
Spellcasting   | |  3.0

Action                   || total
-------------------------++-------
Melee: Unarmed           ||     1
 Cast: Foxfire           ||    11
       Searing Ray       ||     3
Armor: Robe              ||     1
Dodge: Dodged            ||     4
